 Dungeon Crawl Stone Soup version 0.28.0-45-g0d030f2227 (webtiles) character file.

Game seed: 16714420768426119989

2 pkoi the Charlatan (level 1, -2/15 HPs)
             Began as a Demigod Artificer on Apr 8, 2022.
             Slain by a quokka (4 damage)
             ... on level 1 of the Dungeon.
             The game lasted 00:00:15 (155 turns).

pkoi the Charlatan (Demigod Artificer)               Turns: 155, Time: 00:00:16

Health: -2/15      AC:  3    Str: 13    XL:     1   Next: 20%
Magic:  3/3        EV: 11    Int: 13    God:
Gold:   0          SH:  0    Dex: 14    Spells: 0/0 levels left

rFire   . . .      SeeInvis .   g - +0 dagger
rCold   . . .      Faith    .   (no shield)
rNeg    . . .      Spirit   .   b - +0 leather armour
rPois   .          Reflect  .   (no helmet)
rElec   .          Harm     .   (no cloak)
rCorr   .          Rampage  .   (no gloves)
Will    .....                   (no boots)
Stlth   +.........              (no amulet)
HPRegen 0.05/turn               (no ring)
MPRegen 0.08/turn               (no ring)

@: no status effects
A: high MP 1, forlorn, divine attributes
a: no special abilities


You were on level 1 of the Dungeon.
You visited 1 branch of the dungeon, and saw 1 of its levels.

Inventory:

Hand Weapons
 a - a +0 club
 g - a +0 dagger (weapon)
Missiles
 j - 2 poisoned darts
Armour
 b - a +0 leather armour (worn)
Wands
 c - a wand of flame (15) (quivered)
 d - a wand of charming (14)
Scrolls
 h - a scroll of identify {unknown}
 i - a scroll of magic mapping {unknown}
Potions
 f - 2 potions of heal wounds {unknown}
Miscellaneous
 e - a piece from Xom's chessboard (15/15)


   Skills:
 - Level 0.8 Fighting
 - Level 1.7 Armour
 - Level 0.8 Dodging
 - Level 0.8 Stealth
 + Level 0.1 Unarmed Combat
 * Level 2.8 Evocations


You couldn't memorise any spells.
You didn't know any spells.
Your spell library was empty.

Dungeon Overview and Level Annotations

Branches:
Dungeon (1/15)


Innate Abilities, Weirdness & Mutations

You have an increased reservoir of magic. (+10% MP)
You shall have no god before yourself.
Your divine heritage dramatically boosts your attributes as you level up.


Message History

Found an escape hatch in the floor.
A quokka comes into view.
Found 2 poisoned darts.
A quokka is nearby!
A quokka is nearby!
Found a stone staircase leading down.
i - a scroll labelled CUREES ATEIV A rat comes into view.
Found 6 gold pieces.
A goblin comes into view. It is wielding a +0 dagger.
You see here 2 poisoned darts.
j - 2 poisoned darts You closely miss the rat.
The rat bites you.
* * * LOW HITPOINT WARNING * * *
You hit the rat.
The rat is severely wounded.
The goblin shouts!
The rat twitches its whiskers.
The rat bites you.
* * * LOW HITPOINT WARNING * * *
You hit the rat but do no damage. You punch the rat.
You kill the rat!
Found 19 stones.
You barely miss the goblin. The goblin closely misses you.
You hit the goblin but do no damage. The goblin hits you but does no damage.
You barely miss the goblin. The goblin misses you. The quokka bites you.
* * * LOW HITPOINT WARNING * * *
You hit the goblin but do no damage. The goblin hits you with a +0 dagger.
* * * LOW HITPOINT WARNING * * *
The quokka barely misses you.
You barely miss the goblin. The quokka bites you.
* * * LOW HITPOINT WARNING * * *
The goblin hits you with a +0 dagger.
* * * LOW HITPOINT WARNING * * *
Unknown command.
Aiming: Charm
Press: ? - help, Shift-Dir - straight line, f - goblin
Aim: a goblin, wielding a +0 dagger (chance to affect: 72%)
The goblin is charmed.
The quokka bites you.
You die...

.......................
......................
..#........##.........
...........#..........
....#####.............
.... #..............
... #............. ..
#.........r#.
#.@r...... ##g.......
#..$..... .........
.......## ..........
......#... ..(........


You could see a quokka and a friendly goblin (charmed).

Vanquished Creatures
  A kobold (D:1)
  A rat (D:1)
2 creatures vanquished.

Notes
Turn   | Place    | Note
-------+----------+-------------------------------------------
     0 | D:1      | pkoi the Demigod Artificer began the quest for the Orb.
     0 | D:1      | Reached XP level 1. HP: 15/15 MP: 3/3
   155 | D:1      | Slain by a quokka

Illustrated notes

Levels and vault maps discovered:
D:1:      sevenhm_arrival_forest_fort_large_4, layout_basic,
          shapermc_ecumenical_altar_hornbeckon

Action                   || total
-------------------------++-------
Melee: Dagger            ||     8
       Club              ||     7
       Punch             ||     1
Evoke: Wand              ||     1
Armor: Leather armour    ||     6
Dodge: Dodged            ||     3
